 Dungeon Crawl Stone Soup version 0.24-a0-584-g9d6b971 (webtiles) character file.

Game seed: 8352499004223837284, levelgen mode: deterministic

22971 BoppinsLewinski the Basher (level 13, -22/123 HPs)
             Began as a Kobold Berserker on Sept 3, 2019.
             Was an Elder of Trog.
             Annihilated by Rupert
             ... wielding a +3 great mace of crushing
              (33 damage)
             ... on level 3 of the Lair of Beasts.
             The game lasted 01:08:28 (20409 turns).

BoppinsLewinski the Basher (Kobold Berserker)      Turns: 20409, Time: 01:08:28

Health: -22/123    AC: 18    Str: 24    XL:     13   Next: 31%
Magic:  20/20      EV: 19    Int:  9    God:    Trog [****..]
Gold:   969        SH: 11    Dex: 19    Spells: 12/12 levels left

rFire    . . .     SeeInvis .   B - +0 morningstar
rCold    . . .     Gourm    .   w - +0 shield
rNeg     + . .     Faith    .   d - +0 plate armour
rPois    .         Spirit   .   v - +1 hat
rElec    .         Reflect  .   (no cloak)
rCorr    .         Harm     .   F - +0 pair of gloves
MR       ++...                  b - +1 pair of boots
Stlth    ..........             q - amulet of the acrobat
HPRegen  1.30/turn              u - ring of positive energy
MPRegen  0.17/turn              y - ring of flight

@: mighty, agile, berserking, flying, regenerating, very quick
A: small, carnivore
a: Berserk, Trog's Hand, Brothers in Arms, Renounce Religion, Stop Flying


You were on level 3 of the Lair of Beasts.
You worshipped Trog.
Trog was greatly pleased with you.
You were not hungry.

You visited 2 branches of the dungeon, and saw 14 of its levels.

You collected 969 gold pieces.

Inventory:

Hand Weapons
 B - a +0 morningstar (weapon)
 C - a +3 flail
Armour
 b - a +1 pair of boots (worn)
 d - a +0 plate armour (worn)
 v - a +1 hat (worn)
 w - a +0 shield (worn)
 F - a +0 pair of gloves (worn)
Jewellery
 q - an amulet of the acrobat (around neck)
 r - an uncursed ring of ice
 u - a ring of positive energy (left hand)
 y - a ring of flight (right hand)
 I - an uncursed amulet of harm {unknown}
 J - an uncursed ring of resist corrosion
Wands
 e - a wand of enslavement (11)
 h - a wand of random effects (26)
 p - a wand of iceblast (34)
 z - a wand of polymorph (7)
 G - a wand of flame (9)
Scrolls
 a - 3 scrolls of immolation {unknown}
 f - 3 scrolls of magic mapping {unknown}
 i - 5 scrolls of fear {unknown}
 j - 3 scrolls of fog {unknown}
 k - 4 scrolls of amnesia {unknown}
 l - 7 scrolls of remove curse
 m - a scroll of enchant weapon {unknown}
 o - 8 scrolls of teleportation
 t - 6 scrolls of enchant armour
 x - a scroll of blinking {unknown}
 E - a scroll of random uselessness {unknown}
 K - a scroll of identify
 L - a scroll of acquirement {unknown}
 M - 2 scrolls of noise {unknown}
Potions
 g - 2 potions of heal wounds
 n - 2 potions of lignification
 s - a potion of resistance
 A - a potion of agility
 H - 2 potions of brilliance
 N - a potion of mutation
Comestibles
 c - 15 rations


   Skills:
 + Level 10.1 Fighting
 * Level 11.4 Maces & Flails
 + Level 7.4 Armour
 + Level 10.5 Dodging
 + Level 4.3 Shields
 + Level 9.8 Evocations


You had 12 spell levels left.
You didn't know any spells.
Your spell library was empty.

Dungeon Overview and Level Annotations

Branches:
Dungeon (11/15)            Temple (0/1) D:5            Lair (3/6) D:10
  Swamp (0/4) Lair:2
  Snake: Lair:2-4    Spider: Lair:2-4       Orc: D:9-12

Altars:
Ashenzari
Cheibriados
Dithmenos
Elyvilon
Fedhas
Gozag
Kikubaaqudgha
Makhleb
Okawaru
Ru
Sif Muna
Trog
Xom
Yredelemnul

Annotations:
D:2 exclusion: downstairs
D:9 exclusion: downstairs
Lair:2 exclusion: downstairs
Lair:3 Rupert


Innate Abilities, Weirdness & Mutations

You are small and have problems with some larger weapons.
You are carnivorous and can eat meat at any time.


Message History

Ye be too injured ta fight recklessly!
Ye be too injured ta fight recklessly!
Ye barely miss Rupert.
Rupert be heavily wounded.
Ye sock Rupert!
Rupert be severely wounded.
Ye block Rupert's attack.
Yer plate armour prevents ye from hittin' Rupert.
Rupert be severely wounded.
Rupert hits ye wit' a +3 great mace o' crushin'!!
* * * LOW HITPOINT WARNIN' * * * x2
Ye closely miss Rupert.
Rupert be severely wounded.
Rupert misses ye.
Ye puncture Rupert!
Rupert be severely wounded.
Ye puncture Rupert!
Rupert be severely wounded.
Rupert hits ye wit' a +3 great mace o' crushin'!!
Ye die...

...............##(##....
............####........
#............###........
#.............#..##.⌠.⌠.
#.......#.#..#..#......
####...###.#.+..#...<..
##...######.........
.#.#####.P# #....#.⌠.⌠.
.......@..# #.#........
#.....@...# ###........
#.........# #...#....
#.........# ##...#...
#.......... ##......
#..........P ##.....
#.........### ##..+##
........... #......
##.....


You could see Rupert (berserk).

Vanquished Creatures
  3 hydras
  A two-headed ogre (D:8)
  Erica (D:8)
  An unseen horror (D:10)
  Maurice (D:8)
  A black mamba (Lair:2)
  3 spiny frogs
  4 trolls
  4 blink frogs (Lair:3)
  A tyrant leech (Lair:2)
  2 hippogriffs
  A spriggan (D:7)
  A wyvern (D:10)
  16 yaks
  Grum (D:8)
  5 swamp worms (Lair:2)
  3 wargs (D:10)
  3 water moccasins
  6 porcupines
  7 orc warriors
  5 ice beasts
  3 sky beasts
  2 phantoms
  2 black bears
  11 wolves
  5 ogres
  8 centaurs
  5 crocodiles
  8 bullfrogs
  2 scorpions
  11 killer bees
  5 wights (D:7)
  5 electric eels
  4 crimson imps
  2 centaur zombies
  2 hounds
  4 jellies
  A centaur skeleton (D:5)
  11 orc priests
  4 bullfrog skeletons
  Jessica (D:3)
  5 iguanas
  Ijyb (D:3)
  Natasha (thrice) (D:2)
  11 orc wizards
  12 worker ants
  2 hound zombies
  3 hound skeletons
  2 howler monkey zombies (D:5)
  4 gnolls (D:9)
  18 adders
  2 howler monkey skeletons
  2 oozes
  2 adder zombies (D:7)
  2 adder skeletons
  3 worms
  4 dart slugs
  5 leopard geckos
  37 orcs
  4 bats
  13 giant cockroaches
  13 goblins
  8 hobgoblins
  15 jackals
  11 kobolds
  3 quokkas
  A ball python (D:4)
  9 frilled lizards
  A leopard gecko skeleton (D:5)
  8 rats
370 creatures vanquished.

Vanquished Creatures (collateral kills)
  Gastronok (Lair:1)
  Fannar (Lair:2)
  2 hydras (Lair:2)
  5 blink frogs (Lair:1)
  A yak (Lair:1)
  A bullfrog (Lair:1)
11 creatures vanquished.

Vanquished Creatures (others)
  6 fungi
  A plant (Lair:2)
7 creatures vanquished.

Grand Total: 388 creatures vanquished

Notes
Turn   | Place    | Note
-------+----------+-------------------------------------------
     0 | D:1      | BoppinsLewinski the Kobold Berserker began the quest for
                  | the Orb.
     0 | D:1      | Reached XP level 1. HP: 14/14 MP: 1/1
    40 | D:1      | Reached XP level 2. HP: 14/19 MP: 2/2
    81 | D:1      | Reached skill level 3 in Maces & Flails
   379 | D:1      | Reached XP level 3. HP: 23/23 MP: 3/3
  1209 | D:2      | Reached XP level 4. HP: 18/29 MP: 4/4
  1790 | D:2      | Noticed Natasha
  1804 | D:2      | Killed Natasha
  1804 | D:2      | Reached ** piety under Trog
  1804 | D:2      | Reached XP level 5. HP: 33/33 MP: 5/5
  2571 | D:2      | Noticed Natasha
  2576 | D:2      | Killed Natasha
  2576 | D:2      | Reached skill level 4 in Maces & Flails
  2852 | D:3      | Noticed Jessica
  2870 | D:3      | Killed Jessica
  2870 | D:3      | Reached XP level 6. HP: 30/39 MP: 6/6
  2923 | D:3      | Found a blossoming altar of Fedhas.
  2924 | D:3      | Found a shattered altar of Ashenzari.
  2937 | D:3      | Noticed Ijyb
  3523 | D:2      | Noticed Natasha
  3546 | D:2      | Killed Natasha
  3683 | D:3      | Killed Ijyb
  3876 | D:3      | Reached skill level 1 in Evocations
  4112 | D:4      | Reached XP level 7. HP: 29/44 MP: 8/8
  4636 | D:4      | Reached skill level 5 in Maces & Flails
  4656 | D:4      | Reached skill level 5 in Fighting
  5285 | D:5      | Entered Level 5 of the Dungeon
  5290 | D:5      | Reached *** piety under Trog
  5305 | D:5      | Reached XP level 8. HP: 33/49 MP: 10/10
  5398 | D:5      | Found a basalt altar of Yredelemnul.
  5401 | D:5      | Found a sacrificial altar of Ru.
  5402 | D:5      | Found a white marble altar of Elyvilon.
  5405 | D:5      | Found a burning altar of Makhleb.
  5405 | D:5      | Found a shimmering blue altar of Sif Muna.
  5410 | D:5      | Found an iron altar of Okawaru.
  5529 | D:5      | Reached skill level 5 in Dodging
  6222 | D:5      | Reached skill level 6 in Maces & Flails
  6299 | D:5      | Reached XP level 9. HP: 55/55 MP: 12/12
  6625 | D:5      | Found a staircase to the Ecumenical Temple.
  6676 | D:5      | Found a snail-covered altar of Cheibriados.
  7063 | D:5      | Reached skill level 7 in Maces & Flails
  7442 | D:6      | Reached skill level 5 in Evocations
  7671 | D:6      | Reached **** piety under Trog
  7730 | D:6      | Found an ancient bone altar of Kikubaaqudgha.
  8005 | D:6      | Found a bloodstained altar of Trog.
  8256 | D:7      | Received a gift from Trog
  8264 | D:7      | Noticed a hippogriff
  8270 | D:7      | Killed a hippogriff
  8270 | D:7      | Reached XP level 10. HP: 38/61 MP: 14/14
  8555 | D:7      | Found a white marble altar of Elyvilon.
  8726 | D:7      | Reached skill level 8 in Maces & Flails
  8782 | D:7      | Reached skill level 5 in Armour
  9640 | D:8      | Noticed Grum
  9660 | D:8      | Killed Grum
  9751 | D:8      | Noticed Maurice
  9755 | D:8      | Killed Maurice
  9756 | D:8      | Noticed a two-headed ogre
  9763 | D:8      | Killed a two-headed ogre
 10308 | D:8      | Reached skill level 9 in Maces & Flails
 10308 | D:8      | Reached XP level 11. HP: 53/68 MP: 16/16
 10797 | D:8      | Found an opulent altar of Gozag.
 11061 | D:8      | Noticed Erica
 11075 | D:8      | Killed Erica
 11238 | D:8      | Found a shimmering altar of Xom.
 11238 | D:8      | Found a shimmering altar of Xom.
 11239 | D:8      | Found a shimmering altar of Xom.
 11239 | D:8      | Found a shimmering altar of Xom.
 11247 | D:8      | Found a shimmering altar of Xom.
 11248 | D:8      | Found a shimmering altar of Xom.
 11248 | D:8      | Found a shimmering altar of Xom.
 12333 | D:10     | Entered Level 10 of the Dungeon
 13019 | D:10     | Reached skill level 1 in Shields
 13197 | D:10     | Identified the +6 long sword of Karma {slice, Dex+3}
 13561 | D:10     | Found a staircase to the Lair.
 13808 | D:10     | Reached ***** piety under Trog
 14330 | D:10     | Killed an unseen horror
 14396 | D:10     | Reached skill level 10 in Maces & Flails
 14781 | Lair:1   | Entered Level 1 of the Lair of Beasts
 14874 | D:10     | Reached XP level 12. HP: 64/75 MP: 18/18
 15491 | Lair:1   | Noticed Gastronok
 15503 | Lair:1   | Killed Gastronok
 15932 | Lair:1   | Found a shadowy altar of Dithmenos.
 16307 | Lair:2   | Noticed a five-headed hydra
 16315 | Lair:2   | Killed a five-headed hydra
 16338 | Lair:2   | Noticed an eight-headed hydra
 16346 | Lair:2   | Killed an eight-headed hydra
 16561 | Lair:2   | Noticed a four-headed hydra
 16571 | Lair:2   | Killed a four-headed hydra
 16708 | Lair:2   | Reached skill level 10 in Dodging
 16931 | Lair:2   | Reached skill level 11 in Maces & Flails
 17936 | Lair:2   | Noticed a six-headed hydra
 17942 | Lair:2   | Killed a six-headed hydra
 17942 | Lair:2   | Reached XP level 13. HP: 71/81 MP: 20/20
 18190 | Lair:2   | Noticed Fannar
 18218 | Lair:2   | Killed Fannar
 19162 | Lair:2   | Found a staircase to the Swamp.
 19413 | Lair:3   | Noticed a four-headed hydra
 19419 | Lair:3   | Killed a four-headed hydra
 19990 | Lair:3   | Reached skill level 10 in Fighting
 20386 | Lair:3   | Noticed Rupert
 20409 | Lair:3   | Annihilated by Rupert

Levels and vault maps discovered:
D:1:      minmay_arrival_four_houses, layout_basic, st_stairs_5
D:2:      layout_loops_ring, first_ration, uniq_natasha
D:3:      layout_loops_ring, gammafunk_temple_overflow_statue, uniq_jessica,
          uniq_ijyb
D:4:      layout_basic, grunt_ministairs_2
D:5:      layout_loops_corners, lemuel_doored_altar, grunt_temple_overflow_open,
          minmay_temple_entry_poolview, minmay_joined_circles
D:6:      layout_basic, lemuel_round_altar, kennysheep_mini_moat,
          dk_noncrumbling_3
D:7:      layout_loops_ring, hex_large, the_bakery, david_defended_altar_elf
D:8:      layout_basic, overflow_temple_1_default, xom_redecorated, uniq_grum,
          uniq_maurice, uniq_erica
D:9:      layout_grid_maze
D:10:     layout_stronghold, erik_lair_orcish_takeover
D:11:     minmay_smoke_and_mirrors, layout_cave_pools, uniq_josephine
Lair:1:   layout_misc_corridors, serial_bayou_lagoon_a,
          minmay_stone_trees_small, lemuel_centaur_altar, serial_bayou_shore_a,
          uniq_gastronok
Lair:2:   layout_regular_city, palyth_hydra_swamp_entry,
          nicolae_quartered_pool_little, infiniplex_staircase_pool, uniq_fannar
Lair:3:   layout_roguey, grunt_megastairs_2, uniq_rupert

Skill      XL: |  1  2  3  4  5  6  7  8  9 10 11 12 13 |
---------------+----------------------------------------+-----
Maces & Flails | 3 4 5 6 7 9 10 11 | 11.4
Armour         | 2 3 4 5 6 7 |  7.4
Dodging        | 3 4 5 6 8 9 10 | 10.5
Fighting       | 4 5 6 7 8 9 10 | 10.1
Evocations     | 1 2 4 5 7 8 9 |  9.8
Shields        | 2 3 4 |  4.3

Action                   |  1- 3 |  4- 6 |  7- 9 | 10-12 | 13-15 || total
-------------------------+-------+-------+-------+-------+-------++-------
Melee: Mace              |    94 |   139 |       |       |       ||   233
       Flail             |       |   101 |   404 |   427 |       ||   932
       Whip              |       |       |       |    62 |       ||    62
       Morningstar       |       |       |       |   228 |   214 ||   442
Invok: Berserk           |     2 |     6 |    10 |    17 |     4 ||    39
       Trog's Hand       |       |     3 |     7 |     9 |     4 ||    23
       Brothers in Arms  |       |       |       |     4 |     1 ||     5
 Abil: Evoke Flight      |       |       |       |     1 |     1 ||     2
Evoke: Wand              |       |       |     7 |    45 |     7 ||    59
  Use: Potion            |       |     1 |     3 |     3 |     4 ||    11
       Scroll            |       |       |     2 |     8 |     2 ||    12
 Stab: Paralysed         |       |       |       |    14 |       ||    14
  Eat: Chunk             |     1 |    16 |    23 |    51 |     7 ||    98
       Ration            |       |     1 |     2 |     2 |     3 ||     8
Armor: Animal skin       |    15 |       |       |       |       ||    15
       Ring mail         |     8 |    52 |       |       |       ||    60
       Chain mail        |       |    21 |   170 |       |       ||   191
       Plate armour      |       |       |       |   325 |    72 ||   397
Dodge: Dodged            |    94 |   180 |   236 |   363 |    75 ||   948
Block: Shield            |       |       |       |   217 |    94 ||   311
       Buckler           |       |       |       |    23 |       ||    23

Table legend:
 A = Non-vault XP
 B = Vault XP
 C = Vault XP percentage of total XP
 D = Non-vault monster count
 E = Vault monster count
 F = Vault count percentage of total count
                 A         B        C        D         E       F
            +---------+---------+-------+---------+---------+-------
      Total |   22975 |    9841 |  30.0 |     329 |      52 |  13.6
            +---------+---------+-------+---------+---------+-------
        D:1 |      53 |       3 |   5.4 |      27 |       3 |  10.0
        D:2 |     204 |      35 |  14.6 |      36 |       1 |   2.7
        D:3 |     130 |      73 |  36.0 |      22 |       2 |   8.3
        D:4 |     397 |      46 |  10.4 |      18 |       2 |  10.0
        D:5 |    1336 |     640 |  32.4 |      42 |      14 |  25.0
        D:6 |     684 |       0 |   0.0 |      20 |       0 |   0.0
        D:7 |    1574 |     211 |  11.8 |      28 |       1 |   3.4
        D:8 |    1930 |    1838 |  48.8 |      16 |       5 |  23.8
        D:9 |     997 |       0 |   0.0 |      17 |       0 |   0.0
       D:10 |    4846 |     617 |  11.3 |      44 |       8 |  15.4
     Lair:1 |    4380 |    1766 |  28.7 |      26 |       5 |  16.1
     Lair:2 |    4303 |    3242 |  43.0 |      22 |       9 |  29.0
     Lair:3 |    2141 |    1370 |  39.0 |      11 |       2 |  15.4
            +---------+---------+-------+---------+---------+-------
